 Dungeon Crawl Stone Soup version 0.23-a0-419-g0174fd8 (webtiles) character file.

637 galech the Chopper (level 7, 0/81 HPs)
             Began as a Demonspawn Fighter on Nov 13, 2018.
             Killed by divine providence
             ... invoked by an orc priest
              (10 damage)
             ... on level 5 of the Dungeon.
             The game lasted 00:04:32 (3265 turns).

galech the Chopper (Demonspawn Fighter)             Turns: 3265, Time: 00:04:33

Health: 0/81       AC: 15    Str: 21    XL:     7   Next: 25%
Magic:  0/7        EV:  6    Int: 10    God:
Gold:   181        SH: 10    Dex: 14    Spells: 6/6 levels left

rFire    . . .     SeeInvis +   t - +0 war axe (drain)
rCold    . . .     Gourm    .   c - +0 shield
rNeg     . . .     Faith    .   q - +0 chain mail
rPois    .         Spirit   +   (helmet restricted)
rElec    .         Reflect  .   (no cloak)
rCorr    .         Harm     .   w - +2 pair of gloves
MR       .....                  (no boots)
Stlth    ..........             (no amulet)
HPRegen  0.23/turn              n - +1 ring of protection
MPRegen  0.20/turn              p - ring of see invisible

@: berserking (expiring), very quick
A: horns 1, icy blue scales 1, spiny 1, magic shield, magic regeneration
a: no special abilities


You were on level 5 of the Dungeon.
You were not hungry.

You visited 1 branch of the dungeon, and saw 5 of its levels.

You collected 181 gold pieces.

Inventory:

Hand Weapons
 a - a +0 war axe
 t - a +0 war axe of draining (weapon)
Armour
 c - a +0 shield (worn)
 q - a +0 chain mail (worn)
 w - a +2 pair of gloves (worn)
Jewellery
 g - a +2 ring of intelligence
 n - a +1 ring of protection (left hand)
 p - a ring of see invisible (right hand)
Scrolls
 b - a scroll of immolation {unknown}
 d - a scroll of enchant weapon {unknown}
 h - a scroll of fog {unknown}
 j - 5 scrolls of identify {unknown}
 l - 6 scrolls of remove curse {unknown}
 o - 3 scrolls of amnesia {unknown}
 r - a scroll of enchant armour {unknown}
 s - a scroll of random uselessness {unknown}
Potions
 e - 2 potions of flight {unknown}
 i - a potion of degeneration {unknown}
 k - 5 potions of curing {unknown}
 u - 2 potions of might
 v - a potion of brilliance {unknown}
 x - a potion of ambrosia {unknown}
Comestibles
 f - 8 rations
 z - 5 chunks of flesh


   Skills:
 + Level 4.1 Fighting
 + Level 5.2 Axes
 + Level 4.0 Armour
 + Level 1.4 Dodging
 + Level 3.9 Shields


You had 6 spell levels left.
You didn't know any spells.
Your spell library was empty.

Dungeon Overview and Level Annotations

Branches:
Dungeon (5/15)
 Temple: D:4-7

Altars:
Nemelex Xobeh
Trog

Annotations:
D:5 1 transporter


Innate Abilities, Weirdness & Mutations

You have a pair of small horns on your head.
You are partially covered in icy blue scales. (AC +2)
You are partially covered in sharp spines.
When hurt, damage is shared between your health and your magic reserves.
You regenerate magic rapidly.


Message History

Your headbutt misses the orc warrior.
The orc warrior is lightly wounded.
The orc warrior hits you but does no damage.
You closely miss the orc warrior.
The orc warrior is lightly wounded.
You hit the phantom.
The phantom hits you but does no damage.
You completely miss the orc warrior. You headbutt the orc warrior!
The orc warrior is heavily wounded.
You hit the phantom. You block the orc warrior's attack.
The orc priest mumbles some strange prayers to Beogh against you.
Beogh smites you!
* * * LOW HITPOINT WARNING * * *
The phantom blinks!
You hit the orc warrior. You drain the orc warrior!
The orc warrior is severely wounded.
You closely miss the phantom.
The orc priest calls down the wrath of Beogh upon you.
Beogh smites you!
You die...

### #.######
#######....... ###
#.........####
..#.#.#####.#.#
#o#.#.# #.#.#
#o#.#.# #.#.#
#o#.#.# #.#.#
#@#.#.# #.#.#
#W#.#.# #.#.#
...###.#.#.#####.#.#
>...?...............
.######.#.#.......#.
.##
.........[.........
###.............#.##
###.########## ..#


You could see a phantom, an orc warrior, an orc priest and an orc.

Vanquished Creatures
  2 ice beasts (D:5)
  An ogre (D:5)
  A bullfrog zombie (D:4)
  2 orc priests
  A hound (D:5)
  An orc wizard (D:4)
  A bullfrog skeleton (D:4)
  A hound skeleton (D:5)
  A gnoll (D:1)
  3 adders
  3 oozes
  2 adder skeletons
  2 dart slugs (D:1)
  2 worms (D:2)
  A leopard gecko (D:2)
  11 orcs
  2 ball pythons
  5 giant cockroaches
  17 goblins
  8 hobgoblins
  12 jackals
  11 kobolds
  A quokka (D:4)
  5 bats
  5 frilled lizards
  A leopard gecko skeleton (D:4)
  A quokka skeleton (D:4)
  4 rats
107 creatures vanquished.

Notes
Turn   | Place    | Note
-------+----------+-------------------------------------------
     0 | D:1      | galech the Demonspawn Fighter began the quest for the Orb.
     0 | D:1      | Reached XP level 1. HP: 18/18 MP: 1/1
    18 | D:1      | Gained mutation: When hurt, damage is shared between your
                  | health and your magic reserves. [demonic ancestry]
    18 | D:1      | Reached XP level 2. HP: 16/24 MP: 2/2
   222 | D:1      | Reached skill level 2 in Axes
   310 | D:1      | Gained mutation: You are partially covered in icy blue
                  | scales. (AC +2) [demonic ancestry]
   310 | D:1      | Reached XP level 3. HP: 28/29 MP: 3/3
   981 | D:2      | Gained mutation: You are partially covered in sharp spines.
                  | [demonic ancestry]
   981 | D:2      | Reached XP level 4. HP: 35/35 MP: 4/4
  1471 | D:3      | Reached skill level 3 in Axes
  1548 | D:3      | Reached XP level 5. HP: 34/41 MP: 5/5
  2199 | D:4      | Found a bloodstained altar of Trog.
  2210 | D:4      | Found a sparkling altar of Nemelex Xobeh.
  2717 | D:4      | Reached skill level 4 in Axes
  2717 | D:4      | Gained mutation: You have a pair of small horns on your
                  | head. [demonic ancestry]
  2717 | D:4      | Reached XP level 6. HP: 46/48 MP: 6/6
  3083 | D:5      | Entered Level 5 of the Dungeon
  3139 | D:5      | Reached skill level 1 in Dodging
  3152 | D:5      | Found a transporter.
  3162 | D:5      | Noticed an ice beast
  3175 | D:5      | Killed an ice beast
  3175 | D:5      | Gained mutation: You regenerate magic rapidly. [demonic
                  | ancestry]
  3175 | D:5      | Reached XP level 7. HP: 42/53 MP: 5/7
  3203 | D:5      | Reached skill level 5 in Axes
  3265 | D:5      | Killed from afar by an orc priest

Vault maps used:
D:1:      minmay_arrival_split_and_join
D:2:      serial_co_window_serial, co_window_paths_a, co_window_corner_a,
          co_window_paths_b, co_window_of_opportunity_a, co_window_corner_a,
          co_window_of_opportunity_a, co_window_broadway_a, co_window_2corner,
          co_window_2corner, co_window_sun
D:3:      first_ration
D:4:      kennysheep_the_goblin_king, amethyst_overflow_temple_binary,
          kennysheep_generic_room_6
D:5:      kennysheep_mini, gammafunk_ghost_stat_death

Skill      XL: |  1  2  3  4  5  6  7 |
---------------+----------------------+-----
Armour         | 3 4 |  4.0
Axes           | 2 3 4 5 |  5.2
Shields        | 3 |  3.9
Dodging        | 1 |  1.4
Fighting       | 4 |  4.1

Action                   |  1- 3 |  4- 6 |  7- 9 || total
-------------------------+-------+-------+-------++-------
Melee: War axe           |   138 |   159 |    21 ||   318
       Headbutt          |       |     5 |     5 ||    10
  Use: Potion            |     3 |       |     1 ||     4
  Eat: Chunk             |     1 |     7 |       ||     8
Armor: Scale mail        |   100 |    37 |       ||   137
       Chain mail        |       |    48 |    14 ||    62
Dodge: Dodged            |    44 |    29 |     2 ||    75
Block: Shield            |    82 |    86 |    10 ||   178

Table legend:
 A = Non-vault XP
 B = Vault XP
 C = Vault XP percentage of total XP
 D = Non-vault monster count
 E = Vault monster count
 F = Vault count percentage of total count
                 A         B        C        D         E       F
            +---------+---------+-------+---------+---------+-------
      Total |     894 |      16 |   1.8 |      99 |       8 |   7.5
            +---------+---------+-------+---------+---------+-------
        D:1 |      53 |       0 |   0.0 |      21 |       0 |   0.0
        D:2 |      74 |       0 |   0.0 |      24 |       0 |   0.0
        D:3 |     111 |       0 |   0.0 |      28 |       0 |   0.0
        D:4 |     204 |      16 |   7.3 |      18 |       8 |  30.8
        D:5 |     452 |       0 |   0.0 |       8 |       0 |   0.0
            +---------+---------+-------+---------+---------+-------
